Map: Catalyst LE

Players

soul - Winner!

  • Race: Terran Terran
  • Spawn Location: 5:00

MaSa

  • Race: Terran Terran
  • Spawn Location: 11:00

Event: WCS Valencia 2018

VOD

Have the link to the VOD?

Description

Time

  • Played on: July 12, 2018, 10:29 a.m.
  • Length: 14:48

All games in this series

Show
View Real Time Build Order
Export as new Build Order

soul Terran - Winner!

Build Orders: Cyclone Opening, Gas First Reaper Expand, Reaper Expand, MMM Bio 

Get SALT Encoding   

  12  0:00  SCV  
  13  0:12  SCV  
  14  0:17  Supply Depot  
  14  0:25  SCV  
  15  0:31  Refinery  
  15  0:38  SCV  
  16  0:45  Barracks  
  16  0:51  SCV  
  17  1:03  SCV  
  18  1:15  SCV  
  19  1:33  Reaper, Orbital Command  
  20  1:53  Command Center  
  20  1:58  SCV  
  21  2:02  Factory  
  21  2:07  Refinery  
  21  2:09  Barracks Reactor  
  21  2:13  SCV  
  22  2:21  Supply Depot  
  22  2:25  SCV  
  23  2:42  SCV  
  24  2:52  Cyclone  
  24  2:53  Hellion  
  24  2:54  SCV  
  29  3:02  Barracks Tech Lab  
  29  3:06  SCV  
  30  3:18  SCV  
  31  3:25  Cyclone x2  
  36  3:27  Orbital Command  
  36  3:31  SCV  
  36  3:43  SCV  
  37  3:55  SCV x2  
  39  3:57  Command Center  
  39  4:03  Marine x2  
  39  4:07  SCV x2  
  39  4:08  Bunker  
  43  4:19  SCV x2  
  43  4:21  Supply Depot, Marine  
  44  4:25  Marine  
  45  4:31  SCV  
  46  4:41  Barracks  
  46  4:43  SCV x2  
  46  4:44  Starport  
  48  4:46  Marine  
  48  4:47  Barracks  
  49  4:54  Siege Tank  
  49  4:55  SCV x2  
  49  4:59  Supply Depot  
  54  5:03  Supply Depot  
  54  5:08  Refinery  
  54  5:09  SCV  
  54  5:14  SCV, Refinery  
  54  5:17  Orbital Command  
  55  5:23  SCV  
  55  5:24  Starport Reactor  
  55  5:27  SCV  
  57  5:30  Barracks Tech Lab  
  57  5:34  Marine  
  57  5:35  Barracks Tech Lab, SCV  
  59  5:39  SCV  
  59  5:40  Engineering Bay  
  59  5:41  Engineering Bay  
  59  5:42  Refinery  
  60  5:47  SCV  
  62  5:51  Stimpack, SCV  
  62  5:54  Combat Shields  
  62  5:57  Marine  
  62  5:59  SCV  
  62  6:03  Siege Tank  
  68  6:04  SCV  
  68  6:09  Supply Depot, Orbital Command  
  68  6:12  Terran Infantry Weapons Level 1  
  68  6:13  Missile Turret  
  68  6:15  Terran Infantry Armor Level 1  
  68  6:16  Marine  
  69  6:18  Marine  
  69  6:19  Marine  
  69  6:22  Marine  
  69  6:23  SCV  
  73  6:30  SCV  
  73  6:32  Medivac x2  
  78  6:34  Marine  
  78  6:36  Marine  
  78  6:37  SCV  
  78  6:38  Supply Depot  
  81  6:40  Siege Tank  
  81  6:45  SCV x2, Marine x2  
  88  6:52  Marine  
  88  6:53  Barracks  
  89  6:56  Barracks  
  89  6:58  Supply Depot  
  89  6:59  Supply Depot, Marine  
  89  7:01  Supply Depot  
  90  7:02  SCV  
  90  7:03  SCV  
  90  7:05  Medivac  
  94  7:09  Marine x2  
  94  7:10  Marine  
  94  7:14  Sensor Tower  
  97  7:17  Marine  
  97  7:19  SCV  
  97  7:20  SCV  
  97  7:21  SCV  
  101  7:27  Marine x2  
  101  7:28  Marine  
  101  7:31  SCV  
  101  7:33  SCV  
  101  7:34  Armory  
  101  7:35  Marine  
  104  7:40  Marine  
  104  7:44  Marine x2  
  104  7:45  Marine x2  
  104  7:49  SCV  
  109  7:53  Marine  
  108  7:58  Marine  
  108  8:02  Marine x3  
  108  8:03  Marine  
  104  8:09  Medivac  
  104  8:11  Marine  
  84  8:20  Marine x2  
  84  8:21  SCV x2, Marine  
  84  8:26  Terran Infantry Weapons Level 2, Terran Infantry Armor Level 2  
  86  8:27  SCV  
  86  8:29  Marine  
  86  8:31  Barracks Reactor  
  86  8:32  Barracks Reactor  
  86  8:33  SCV x2  
  86  8:38  Marine  
  86  8:39  Marine  
  86  8:40  SCV  
  91  8:42  Starport Reactor  
  91  8:43  Siege Tank  
  91  8:45  SCV x2  
  91  8:46  Marine  
  95  8:51  Barracks Reactor, Sensor Tower  
  95  8:52  SCV  
  95  8:56  Marine  
  95  8:57  SCV x2, Marine  
  95  9:02  Supply Depot  
  99  9:03  Supply Depot  
  99  9:04  SCV, Marine  
  99  9:07  Marine x2  
  99  9:09  Factory, Marine x2, SCV x2  
  104  9:14  Marine x2  
  104  9:16  SCV  
  97  9:21  SCV x2  
  97  9:22  Marine  
  100  9:25  Marine x2  
  100  9:27  Marine x4  
  100  9:28  SCV  
  100  9:31  Siege Tank, Marine  
  110  9:32  Marine  
  110  9:33  SCV x2  
  110  9:36  Terran Vehicle Weapons Level 1  
  114  9:40  SCV, Marine  
  114  9:42  Marine  
  114  9:43  Marine  
  114  9:45  Marine x4  
  120  9:49  Marine  
  120  9:50  SCV, Marine  
  125  9:53  SCV  
  125  9:55  Factory Tech Lab  
  125  9:57  SCV  
  125  9:58  Marine  
  125  9:59  Medivac, Command Center  
  130  10:02  Medivac  
  130  10:04  Marine  
  130  10:06  Marine  
  132  10:08  Marine  
  132  10:09  Marine x3  
  132  10:13  SCV  
  139  10:15  Marine  
  139  10:20  Refinery  
  139  10:21  Refinery  
  138  10:22  Supply Depot x2  
  138  10:25  Supply Depot  
  138  10:28  Supply Depot, Marine x2  
  129  10:32  Marine x2  
  129  10:33  Marine x2  
  134  10:35  Marine  
  134  10:37  Marine x2  
  134  10:41  SCV x3  
  140  10:48  Terran Infantry Weapons Level 3  
  140  10:54  Marine  
  140  10:56  Terran Infantry Armor Level 3  
  140  10:57  SCV  
  140  10:58  Marine  
  140  10:59  SCV  
  140  11:00  Marine  
  140  11:02  Marine  
  145  11:06  Marine x4  
  145  11:07  Marine  
  146  11:14  Planetary Fortress  
  146  11:16  Marine x2  
  146  11:18  SCV, Marine  
  150  11:19  SCV  
  150  11:22  Marine  
  151  11:25  Medivac  
  151  11:26  Marine  
  151  11:30  Marine x3  
  152  11:33  Marine  
  152  11:34  Marine  
  152  11:35  SCV, Marine  
  152  11:37  Marine  
  152  11:40  Marine  
  152  11:43  Marine, Siege Tank  
  156  11:48  Marine x2  
  156  11:49  Marine  
  156  11:52  Marine  
  156  11:53  SCV, Marine  
  150  11:55  Marine  
  150  11:58  Marine  
  150  12:01  SCV x3, Marine  
  145  12:03  Marine  
  145  12:05  Marine  
  145  12:06  SCV  
  145  12:07  Siege Tank  
  150  12:12  Marine  
  150  12:13  SCV x3  
  150  12:14  Marine  
  155  12:15  Marine x2  
  155  12:17  Marine  
  155  12:18  SCV  
  158  12:25  SCV x3  
  158  12:26  Marine  
  158  12:28  Marine  
  162  12:30  SCV  
  162  12:31  Marine x3  
  162  12:33  Marine x2  
  167  12:37  SCV x2  
  167  12:41  Marine  
  167  12:42  Marine  
  165  12:44  Marine  
  165  12:45  Siege Tank  
  165  12:46  Marine  
  165  12:48  Marine  
  165  12:49  Marine x2  
  165  12:50  Marine  
  166  12:51  Marine  
  166  12:53  Siege Tank  
  169  12:59  Marine x2  
  169  13:02  Marine  
  169  13:04  Marine  
  169  13:05  Barracks x2  
  173  13:06  Marine x3  
  173  13:08  Marine, Barracks  
  173  13:10  Supply Depot, Marine  
  173  13:12  Supply Depot  
  178  13:17  Medivac x2, Marine x2  
  183  13:20  Marine  
  183  13:24  Marine x4  
  188  13:28  Orbital Command  
  188  13:31  Marine x2  
  190  13:35  Marine x2  
  190  13:38  Marine  
  190  13:41  Siege Tank  
  195  13:42  Marine x4  
  195  13:47  Medivac x2  
  195  13:49  Marine x2  
  195  13:53  Marine x2  
  180  13:55  Marine  
  180  14:00  Marine x3  
  180  14:01  Barracks Reactor x3  
  182  14:05  Marine  
  182  14:08  Marine x2  
  185  14:10  Marine  
  185  14:11  Marine  
  185  14:13  Marine  
  179  14:17  Medivac x2  
  179  14:18  Marine x3  
  179  14:22  Marine  
  165  14:26  Marine x2  
  165  14:28  Marine x2  
Show
View Real Time Build Order
Export as new Build Order

MaSa Terran 

Build Orders: Cyclone Opening, MMM Bio, Cyclone Timing 

Get SALT Encoding   

  12  0:00  SCV  
  13  0:12  SCV  
  14  0:17  Supply Depot  
  14  0:24  SCV  
  14  0:28  Refinery  
  15  0:38  SCV  
  16  0:45  Barracks  
  16  0:50  SCV  
  17  1:00  Refinery  
  17  1:02  SCV  
  18  1:14  SCV  
  19  1:33  Factory  
  19  1:35  Orbital Command  
  19  1:39  Reaper  
  20  1:58  Supply Depot  
  20  2:00  SCV  
  21  2:11  Reaper  
  21  2:12  SCV  
  23  2:23  Cyclone  
  23  2:24  SCV  
  27  2:37  Command Center  
  27  2:44  SCV  
  28  2:53  Barracks Reactor  
  28  2:56  SCV  
  29  2:59  Starport  
  29  3:09  SCV  
  29  3:11  Supply Depot  
  29  3:33  Cyclone, SCV  
  32  3:34  Marine x2  
  32  3:35  Medivac  
  36  3:46  SCV  
  37  3:49  Orbital Command  
  37  3:52  Bunker, Marine x2  
  39  3:58  SCV  
  40  4:05  Cyclone  
  40  4:06  Starport Tech Lab  
  43  4:10  SCV, Marine  
  43  4:11  Marine  
  46  4:19  SCV  
  46  4:23  SCV  
  48  4:25  Refinery  
  48  4:28  Marine  
  48  4:29  Marine  
  50  4:31  SCV  
  50  4:34  Raven  
  50  4:36  SCV  
  54  4:38  Factory Tech Lab  
  54  4:41  Supply Depot  
  54  4:49  Barracks x2  
  54  4:59  Engineering Bay  
  54  5:02  SCV x2, Marine x2  
  54  5:03  Supply Depot  
  58  5:14  Supply Depot  
  58  5:15  SCV x2  
  60  5:24  Siege Tank  
  60  5:27  SCV  
  60  5:28  Supply Depot, Terran Infantry Weapons Level 1  
  64  5:33  SCV  
  64  5:35  Stimpack, Marine  
  61  5:37  Barracks Reactor  
  61  5:40  Barracks Reactor  
  61  5:41  SCV  
  59  5:44  Refinery  
  59  5:49  SCV  
  60  5:51  Supply Depot  
  60  5:52  Marine  
  60  5:53  Marine x2  
  60  5:54  Starport Reactor  
  60  5:56  SCV  
  64  6:01  Siege Tank  
  64  6:03  SCV  
  68  6:08  SCV  
  68  6:10  Marine  
  68  6:11  Supply Depot, Marine x2  
  72  6:15  SCV  
  72  6:17  Marine x2  
  75  6:20  SCV  
  76  6:27  SCV  
  76  6:28  Marine x2  
  76  6:29  Marine  
  76  6:31  Medivac  
  76  6:32  SCV  
  83  6:33  Siege Tank  
  83  6:34  Marine  
  83  6:37  Supply Depot  
  88  6:40  SCV, Medivac  
  88  6:42  Marine  
  88  6:44  Supply Depot  
  88  6:45  SCV  
  88  6:46  Marine  
  93  6:49  Marine  
  93  6:52  SCV  
  95  6:57  SCV, Marine x2  
  95  7:00  Marine  
  99  7:01  Medivac  
  99  7:04  Marine  
  102  7:10  Medivac  
  102  7:11  Marine  
  102  7:15  Marine x2  
  107  7:19  SCV  
  107  7:20  Supply Depot  
  108  7:29  Command Center  
  105  7:30  Marine x3  
  105  7:31  Medivac  
  105  7:32  Marine  
  105  7:33  Marine  
  105  7:36  Combat Shields  
  113  7:37  SCV  
  113  7:40  Supply Depot  
  113  7:48  Marine x3  
  116  7:52  SCV x2  
  116  7:53  Medivac  
  120  8:01  Medivac, Marine  
  120  8:02  Marine  
  117  8:06  Marine x2  
  117  8:07  Terran Infantry Armor Level 1  
  112  8:13  SCV  
  112  8:17  Marine  
  112  8:19  Marine x2  
  110  8:23  Medivac  
  110  8:24  Marine  
  110  8:25  Siege Tank  
  110  8:26  Barracks  
  108  8:27  Barracks  
  108  8:31  Medivac  
  108  8:33  Marine  
  108  8:35  Marine  
  108  8:39  Armory  
  109  8:41  Marine  
  110  8:49  Marine  
  110  8:50  Marine  
  110  8:52  Medivac  
  110  8:53  Refinery  
  110  8:54  Marine  
  116  8:58  SCV x2  
  116  8:59  Marine, Refinery  
  116  9:01  Medivac  
  120  9:04  Factory  
  120  9:06  Barracks Reactor  
  120  9:07  Marine x2  
  118  9:12  SCV, Marine  
  118  9:14  Liberator, Marine  
  118  9:15  Barracks Reactor  
  102  9:17  Marine  
  102  9:19  SCV  
  102  9:22  Medivac  
  106  9:25  Marine x2  
  106  9:26  SCV  
  106  9:29  Orbital Command  
  106  9:30  Marine  
  110  9:35  Liberator, Marine  
  110  9:36  Barracks Reactor  
  110  9:37  SCV  
  115  9:39  SCV  
  115  9:43  Marine x2  
  117  9:47  Marine  
  117  9:48  Sensor Tower  
  117  9:49  Siege Tank  
  117  9:52  Marine x4  
  124  9:56  Marine  
  128  10:01  Marine x2  
  128  10:03  Siege Tank  
  128  10:05  Marine  
  134  10:09  Marine x2  
  134  10:10  Marine x2  
  134  10:11  Marine x2  
  134  10:14  Terran Vehicle Weapons Level 1, Marine  
  140  10:18  Terran Infantry Weapons Level 2, Marine  
  142  10:23  Engineering Bay  
  142  10:24  Marine x2  
  142  10:28  SCV x2  
  146  10:29  SCV, Marine  
  148  10:42  Supply Depot  
  148  10:43  Supply Depot  
  148  10:44  Viking, Supply Depot  
  148  10:52  Marine  
  149  10:57  Liberator  
  149  11:04  Viking, Marine x5, Siege Tank x2  
  149  11:06  Marine x3  
  162  11:14  Marine  
  162  11:15  Command Center  
  166  11:18  Marine  
  166  11:22  Marine x3  
  170  11:26  Terran Infantry Armor Level 2  
  170  11:36  Siege Tank  
  165  11:40  Siege Tank  
  165  11:43  Viking  
  165  11:45  Marine x2  
  165  11:46  Marine  
  163  11:47  SCV x2  
  163  11:52  SCV, Marine  
  163  11:53  Marine x2  
  152  11:56  Marine x3  
  152  11:57  Viking  
  152  11:59  SCV  
  158  12:04  Starport  
  158  12:06  Marine x3  
  158  12:08  Marine, Siege Tank  
  162  12:10  Marine  
  162  12:12  Siege Tank  
  162  12:15  Terran Vehicle Weapons Level 2  
  167  12:19  Marine x4  
  167  12:22  Marine  
  171  12:23  Marine  
  171  12:26  Marine  
  171  12:29  Supply Depot  
  174  12:32  Marine x3  
  174  12:34  Medivac  
  174  12:36  Marine  
  174  12:37  Marine x2  
  174  12:40  Liberator, Siege Tank  
  172  12:48  Marine x3  
  145  12:51  Marine x3, Siege Tank  
  145  12:58  Starport Tech Lab  
  154  13:11  Marine x2  
  156  13:16  SCV  
  156  13:17  SCV  
  156  13:18  Marine  
  159  13:27  Sensor Tower  
  159  13:28  Corvid Reactor  
  162  13:34  Siege Tank  
  160  13:42  Marine  
  143  13:50  Marine x3  
  143  13:53  Marine x3  
  135  13:57  Marine x2  
  135  14:01  Marine x2  
  136  14:06  Siege Tank  
  136  14:08  Marine x2  
  141  14:13  Siege Tank  
  141  14:14  Marine x2  
  141  14:17  Marine x4  
  144  14:19  Marine  
  144  14:23  SCV  
Tags
 
Add a new tag
Caveats
  • Supply blocks, unpowered buildings, or Contaminate may cause inaccurate times.
  • Supply counts are checked every 10 seconds.